Unix NetHack Version 3.7.0-97 Work-in-progress - last build Jan 28 2024 04:41:54 (eae211b052f4c4d875b52ed558e44d2f93f0896c,branch:master). Game began 2024-02-03 16:54:10, ended 2024-02-03 17:17:22. elenmirie, lawful female human Knight ----- ------- |...| h |.....- |...| o |.....| |...| |.....-# |....# -------# --.--# # ## # # # # ## # # d # # # ------ # ## #######...@a| B #-----|-- # # |...u.: #|{.G....## ##....%| #->.....| ------ -------- Elenmirie the Esquire St:16 Dx:12 Co:10 In:7 Wi:17 Ch:17 Lawful Dlvl:7 $:77 HP:0(34) Pw:47(47) AC:3 Xp:5/230 T:2893 Burdened Blind Latest messages: What do you want to adjust? [a-qs-uwxzBD or ?*] D Adjust letter to what [rvyAC-Z] (? see used letters)? L Moving: L - a lizard corpse. You hear a wolf howling at the moon. That door is closed. You stop. Arod is in the way! The door opens. KABOOM!! The door was booby-trapped! You stagger... You hit Arod! You feel a bit steadier now. Arod picks up an egg. You find a hidden door. This door is locked. This door is locked. This door is locked. This door is locked. This door is locked. This door is locked. This door is locked. In what direction? l Thwack!! In what direction? l Whammm!! Arod drops an egg. In what direction? l Whammm!! In what direction? l Thwack!! In what direction? l As you kick the door, it crashes open! Arod misses the dust vortex. Arod misses the dust vortex. The dust vortex engulfs you! You can't see in here! You hit the dust vortex. You destroy the dust vortex! You hear some noises. You hit the giant beetle. The giant beetle bites! You feel more confident in your weapon skills. (Use the #enhance command to advance them.) You hit the giant beetle. The giant beetle bites! You die... Do you want your possessions identified? [ynq] (y) y Do you want to see your attributes? [ynq] (y) y Do you want an account of creatures vanquished? [ynaq] (y) y Do you want to see your conduct and achievements? [ynq] (y) y Do you want to see the dungeon overview? [ynq] (y) y Inventory: Coins $ - 77 gold pieces Weapons a - an uncursed +1 long sword (weapon in right hand) b - an uncursed +1 lance (alternate weapon; not wielded) Armor d - a blessed +0 helmet (being worn) f - an uncursed +0 pair of leather gloves (being worn) e - an uncursed +0 small shield (being worn) c - an uncursed +1 ring mail (being worn) Comestibles g - 11 uncursed apples h - 12 uncursed carrots n - 2 uncursed cram rations u - an uncursed lembas wafer L - an uncursed lizard corpse Scrolls m - an uncursed scroll of amnesia x - an uncursed scroll of confuse monster s - an uncursed scroll of destroy armor Spellbooks z - a blessed spellbook of confuse monster Potions t - an uncursed potion of confusion p - an uncursed potion of extra healing k - 2 uncursed potions of sleeping Rings B - a cursed ring of polymorph Wands l - a blessed wand of cold (0:7) j - an uncursed wand of cold (0:3) o - an uncursed wand of fire (0:3) i - an uncursed wand of secret door detection (0:11) q - an uncursed wand of slow monster (0:5) Tools w - an uncursed oil lamp Elenmirie the Knight's attributes: Background: You were an Esquire, a level 5 female human Knight. You were lawful, nominally on a mission for Lugh who was opposed by Brigit (neutral) and Manannan Mac Lir (chaotic). You were right-handed. You were in the Dungeons of Doom, on level 7. You entered the dungeon 2893 turns ago. You had 230 experience points, 90 more were needed to attain level 6. Basics: You had 0 out of 34 hit points. You had all 47 energy points (spell power). Your armor class was 3. Your wallet contained 77 zorkmids. Autopickup was on for '$' plus thrown. Final Characteristics: Your strength was 16 (limit:18/100). Your dexterity was 12 (limit:18). Your constitution was 10 (limit:18). Your intelligence was 7 (limit:18). Your wisdom was 17 (limit:18). Your charisma was 17 (limit:18). Final Status: You were temporarily blind. You weren't hungry. You were burdened; movement was slightly slowed. You were wielding a long sword. You had basic skill with long sword and could have enhanced that. Final Attributes: You were piously aligned. You were telepathic. You could jump. You were warded. You are dead. Miscellaneous: You never encountered a bones level. Total elapsed playing time was 23 minutes and 10 seconds. Major events: Turn 1: elenmirie the lawful female human Knight entered the dungeon 633: entered the Gnomish Mines 1122: attained the rank of Esquire (level 3) 2893: killed by a giant beetle Vanquished creatures: a lizard a dust vortex 2 human zombies an imp a rock piercer a giant ant 3 floating eyes 2 homunculi a hill orc a rothe a centipede 2 giant bats an orc zombie 2 iguanas a manes 3 cave spiders a brown mold a gecko 15 jackals 2 foxes a kobold a sewer rat a grid bug 7 lichens 2 kobold zombies 4 newts 59 creatures vanquished. No species were genocided or became extinct. Voluntary challenges: You were an atheist. You were illiterate. You never engraved Elbereth. You never genocided any monsters. You never polymorphed an object. You never changed form. You used no wishes. Achievements: You entered the Gnomish Mines. You attained the rank of Esquire. You entered a shop. The Dungeons of Doom: levels 1 to 7 Level 1: A fountain. Level 2: Stairs down to The Gnomish Mines. Level 3: Level 4: Level 5: Some fountains. Level 6: A fountain. Level 7: <- You were here. A fountain. Final resting place for you, killed by a giant beetle. The Gnomish Mines: Level 3: Game over: ---------- / \ / REST \ / IN \ / PEACE \ / \ | elenmirie | | 77 Au | | killed by a | | giant beetle | | | | | | 2024 | *| * * * | * _________)/\\_//(\/(/\)/\//\/|_)_______ Fare thee well elenmirie the Knight... You died in The Dungeons of Doom on dungeon level 7 with 1310 points, and 77 pieces of gold, after 2893 moves. You were level 5 with a maximum of 34 hit points when you died.